 Dungeon Crawl Stone Soup version 0.28-a0-563-gf77a47075d (webtiles) character file.

Game seed: 11658665755660726500

44 jasper the Ducker (level 3, 0/28 HPs)
             Began as a Spriggan Berserker on Sept 30, 2021.
             Was a Believer of Trog.
             Succumbed to an adder's poison
             ... on level 2 of the Dungeon.
             The game lasted 00:01:36 (1342 turns).

jasper the Ducker (Spriggan Berserker)              Turns: 1342, Time: 00:01:36

Health: 0/28       AC:  2    Str: 14    XL:     3   Next: 39%
Magic:  4/4        EV: 18    Int:  8    God:    Trog [**....]
Gold:   54         SH:  0    Dex: 14    Spells: 2/2 levels left

rFire   . . .      SeeInvis +   a - +0 falchion
rCold   . . .      Faith    .   (shield restricted)
rNeg    . . .      Spirit   .   b - +0 animal skin
rPois   .          Reflect  .   (helmet restricted)
rElec   .          Harm     .   (no cloak)
rCorr   .          Rampage  .   (gloves unavailable)
Will    .....                   (boots unavailable)
Stlth   ..........              (no amulet)
HPRegen 0.09/turn               (no ring)
MPRegen 0.09/turn               (no ring)

@: berserking (expiring), lethally poisoned (0 -> -8), very quick
A: very small, no large weapons, unfitting armour, see invisible, speed 3
a: Renounce Religion, Berserk, Trog's Hand


You were on level 2 of the Dungeon.
You worshipped Trog.
Trog was pleased with you.
You visited 1 branch of the dungeon, and saw 2 of its levels.

You collected 54 gold pieces.

Inventory:

Hand Weapons
 a - a +0 falchion (weapon)
 c - a +0 short sword
 i - a +2 dagger of flaming
Missiles
 d - 38 stones (quivered)
Armour
 b - a +0 animal skin (worn)
 m - a +0 kite shield
Jewellery
 l - a ring of protection from fire
Scrolls
 e - 3 scrolls of vulnerability {unknown}
 f - a scroll of noise {unknown}
 g - a scroll of teleportation {unknown}
 h - a scroll of magic mapping {unknown}
 k - a scroll of fear {unknown}
Potions
 j - a potion of cancellation {unknown}


   Skills:
 + Level 2.8 Fighting
 * Level 3.1 Long Blades
 + Level 4.5 Dodging


You had 2 spell levels left.
You didn't know any spells.
Your spell library was empty.

Dungeon Overview and Level Annotations

Branches:
Dungeon (2/15)

Altars:


Innate Abilities, Weirdness & Mutations

You are very small and have problems with some larger weapons.
You are too small for most types of armour.
You have supernaturally acute eyesight. (SInv)
You cover ground extremely quickly. (Speed+++)


Message History

The kobold shouts!
The adder bites you.
You take 1 damage, and have 20/28 hp.
You miss the adder.
The kobold throws a stone.
The stone barely misses you. The adder bites you.
You are poisoned.
The adder poisons you!
You take 3 damage, and have 17/28 hp.
You closely miss the adder.
You feel sick. The adder bites you.
You are more poisoned.
The adder poisons you!
You take 7 damage, and have 10/28 hp.
MASSIVE DAMAGE!!
You barely miss the adder.
You feel sick. The adder barely misses you.
You take 1 damage, and have 9/28 hp.
You miss the adder.
* * * LOW HITPOINT WARNING * * *
You feel sick. The adder misses you.
You take 2 damage, and have 7/28 hp.
You closely miss the adder.
The kobold throws a stone.
The stone hits you but does no damage. The adder completely misses you.
You barely miss the adder.
You feel sick. The adder closely misses you.
You take 1 damage, and have 6/28 hp.
You barely miss the adder.
You feel sick. The adder closely misses you.
You take 1 damage, and have 5/28 hp.
You slash the kobold!
You kill the kobold!
Trog accepts your kill.
You feel sick. The adder misses you.
You take 1 damage, and have 4/28 hp.
You barely miss the adder.
You feel sick. The adder completely misses you.
You take 1 damage, and have 3/28 hp.
You closely miss the adder.
You feel sick. The adder bites you.
* * * LOW HITPOINT WARNING * * *
You are more poisoned.
The adder poisons you!
You take 2 damage, and have 1/28 hp.
You slash the adder!
You kill the adder!
Trog accepts your kill.
You die...

#.............##
#....†.........#
#.....†.....<.#
#.............#
#...........#.#
#..........##.###
#...............#
###.#########.#)###.##.
#. #.....@....... #.
#.......########
#.#####.# # #.# #.# #..
#.# ..#


There were no monsters in sight!

Vanquished Creatures
  An adder (D:2)
  2 dart slugs (D:1)
  2 ball pythons (D:1)
  5 endoplasms (D:1)
  A giant cockroach (D:1)
  2 goblins (D:1)
  3 hobgoblins (D:1)
  5 jackals (D:1)
  3 quokkas (D:1)
  3 bats (D:1)
  A frilled lizard (D:2)
  3 kobolds
  4 rats
35 creatures vanquished.

Notes
Turn   | Place    | Note
-------+----------+-------------------------------------------
     0 | D:1      | jasper the Spriggan Berserker began the quest for the Orb.
     0 | D:1      | Reached XP level 1. HP: 11/11 MP: 2/2
   170 | D:1      | Reached XP level 2. HP: 7/16 MP: 3/3
   601 | D:1      | Reached XP level 3. HP: 19/19 MP: 4/4
   737 | D:1      | Reached ** piety under Trog
  1341 | D:2      | HP: 1/28 [adder (2)]
  1342 | D:2      | Succumbed to an adder's poison

Illustrated notes

Levels and vault maps discovered:
D:1:      saegor_arrival_miasma, layout_loops_ring, minmay_tromino_v4_a
D:2:      layout_loops_ring, nrook_loot_triangle, minivault_23, uniq_sigmund

Skill      XL: |  1  2 |
---------------+-------+-----
Long Blades    | 3 |  3.1
Fighting       | |  2.8
Dodging        | |  4.5

Action                   || total
-------------------------++-------
Melee: Falchion          ||   109
Invok: Berserk           ||     3
 Stab: Sleeping          ||     1
Armor: Animal skin       ||    11
Dodge: Dodged            ||    80

Table legend: (Time is in decaauts)
 A = Elapsed time spent in this place.
 B = Non-inter-level travel time spent in this place.
 C = Inter-level travel time spent in this place.
 D = Time resting spent in this place.
 E = Time spent auto-exploring this place.
 F = Levels seen in this place.
 G = Mean time per level.
                   A        B        C        D        E       F      G
               +--------+--------+--------+--------+--------+-----+--------+
         Total |   1124 |   1114 |     10 |     97 |    793 |   2 |  562.0 |
       Dungeon |   1124 |   1114 |     10 |     97 |    793 |   2 |  562.0 |
               +--------+--------+--------+--------+--------+-----+--------+

Top non-repeatable levels by time:
     D:1: 1093 daAuts
     D:2: 30 daAuts
